 Dungeon Sprint DCSS version 0.18.1-50-g88ac8fd (webtiles) character file.

1565 Naow the Basher (level 8, -1/56 HPs)
             Began as a Merfolk Gladiator on Sept 19, 2016.
             Was an Elder of Trog.
             Slain by a black mamba (8 damage)
             ... in the Dungeon (Sprint IX: "|||||||||||||||||||||||||||||").
             The game lasted 00:04:36 (804 turns).

Naow the Basher (Merfolk Gladiator)                  Turns: 804, Time: 00:04:37

Health: -1/56      AC: 11    Str: 18    XL:     8   Next: 89%
Magic:  8/8        EV: 13    Int:  7    God:    Trog [****..]
Gold:   12         SH:  0    Dex: 17    Spells: 0 memorised, 7 levels left

rFire  . . .     SeeInvis .     o - +10 dark maul {crush}
rCold  . . .     Gourm    .     r - +2 ring mail
rNeg   . . .     Faith    .     (shield currently unavailable)
rPois  .         Spirit   .     c - +0 helmet
rElec  .         Dismiss  .     (no cloak)
rCorr  .         Reflect  .     (no gloves)
SustAt .         Harm     .     q - +0 pair of boots
MR     ++...     NoTele   +     (no amulet)
Stlth  +.........               t - +3 ring of dexterity
                                s - +2 ring of protection

@: lethally poisoned (-1 -> -2), regenerating, very resistant to hostile
enchantments, very unstealthy
A: change form in water, swift swim
a: Berserk, Trog's Hand, Brothers in Arms, Burn Spellbooks, Renounce Religion


You were in the Dungeon.
You worshipped Trog.
Trog was greatly pleased with you.
You were not hungry.

You visited 1 branch You collected 12 gold pieces.

Inventory:

Hand Weapons
 a - a +0 war axe
 o - the +10 dark maul (weapon) {crush}
   (You found it in the Dungeon)

   It inflicts extra damage upon your enemies.
 p - a +3 war axe of chopping
Missiles
 d - 3 throwing nets (quivered)
Armour
 b - a +0 leather armour
 c - a +0 helmet (worn)
 q - a +0 pair of boots (worn)
 r - a +2 ring mail (worn)
Jewellery
 s - a +2 ring of protection (left hand)
 t - a +3 ring of dexterity (right hand)
Wands
 n - a wand of iceblast (7/15)
Scrolls
 k - 2 scrolls of blinking
 m - 3 scrolls of remove curse
 v - 2 scrolls of fog
 w - 4 scrolls of enchant armour
 x - 2 scrolls of enchant weapon
Potions
 e - a potion of invisibility
 g - 4 potions of heal wounds
 h - a potion of haste
 i - 4 potions of magic
 j - 2 potions of berserk rage
 l - 4 potions of curing
 u - a potion of brilliance
Comestibles
 f - a bread ration


   Skills:
 - Level 2.1 Fighting
 - Level 6.0(11.3) Axes
 + Level 14.5(14.9) Maces & Flails
 - Level 2.0 Throwing
 - Level 4.0 Dodging


You had 7 spell levels left.
You didn't know any spells.

Dungeon Overview and Level Annotations

Branches:
Dungeon (1/1)

Altars:
Cheibriados
Dithmenos
Elyvilon
Fedhas
Gozag
Kikubaaqudgha
Makhleb
Nemelex Xobeh
Okawaru
Pakellas
Qazlal
Ru
Sif Muna
Trog
Vehumet
Xom
Yredelemnul
Zin
The Shining One
Beogh
Jiyva
Lugonu


Message History

You flatten the wolf like a pancake!!!!
You kill the wolf!
Trog accepts your kill. The komodo dragon closely misses you.
The komodo dragon bites you!!
A river rat comes into view.
You closely miss the komodo dragon.
You feel the effects of Trog's Hand fading.
The komodo dragon bites you!!
The komodo dragon bites you but does no damage.
A porcupine comes into view.
You flatten the komodo dragon like a pancake!!!
You kill the komodo dragon!
Trog accepts your kill.
You can now call in reinforcements.
Your Maces & Flails skill increases to level 14!
The black mamba bites you.
You are poisoned.
The black mamba poisons you! The black mamba bites you!
* * * LOW HITPOINT WARNING * * *
The black mamba bites you!
You die...

▓▓▓▓▓▓▓▓▓▓▓▓▓▓▓▓▓▓▓▓▓▓▓▓▓▓▓▓▓▓▓▓▓
'.)...÷.....'____________________
▓▓▓▓▓▓▓▓▓▓▓▓▓▓▓▓▓▓▓▓▓▓▓▓▓▓▓▓▓▓▓▓▓
.................................
▓▓▓▓▓▓▓▓▓▓▓▓▓▓▓▓▓▓▓▓▓▓▓▓▓▓▓▓▓▓▓▓▓
...'.....(.(....@SHrF.rr
▓▓▓▓▓▓▓▓▓▓▓▓▓▓▓▓▓▓▓▓▓▓▓▓


You could see a black mamba, a hippogriff, a spiny frog, 2 porcupines and a
river rat.

Vanquished Creatures
  A hill giant (D)
  A komodo dragon (D)
  A vampire (D)
  A hippogriff (D)
  An eye of draining (D)
  A wolf (D)
  An ogre (D)
  A centaur (D)
  A giant frog (D)
  A killer bee (D)
  A crimson imp (D)
  2 worker ants (D)
  An adder (D)
  An orc (D)
  A bat (D)
  2 hobgoblins (D)
  A jackal (D)
  A quokka (D)
  A ball python (D)
  A jackal zombie (D)
  A kobold (D)
  A rat (D)
24 creatures vanquished.

Notes
Turn   | Place    | Note
--------------------------------------------------------------
     0 | D        | Naow the Merfolk Gladiator began the quest for the Orb.
     0 | D        | Reached XP level 1. HP: 16/16 MP: 1/1
    76 | D        | Noticed a worker ant
    85 | D        | Reached XP level 2. HP: 18/22 MP: 2/2
   111 | D        | Reached XP level 3. HP: 8/27 MP: 3/3
   423 | D        | Found a glowing silver altar of Zin.
   423 | D        | Found a glowing golden altar of the Shining One.
   423 | D        | Found an ancient bone altar of Kikubaaqudgha.
   423 | D        | Found a basalt altar of Yredelemnul.
   423 | D        | Found a shimmering altar of Xom.
   423 | D        | Found a radiant altar of Vehumet.
   424 | D        | Found an iron altar of Okawaru.
   425 | D        | Found a burning altar of Makhleb.
   426 | D        | Found a deep blue altar of Sif Muna.
   427 | D        | Found a bloodstained altar of Trog.
   428 | D        | Found a sparkling altar of Nemelex Xobeh.
   429 | D        | Found a white marble altar of Elyvilon.
   430 | D        | Found a roughly hewn altar of Beogh.
   431 | D        | Found a viscous altar of Jiyva.
   432 | D        | Found a corrupted altar of Lugonu.
   433 | D        | Found a blossoming altar of Fedhas.
   434 | D        | Found a snail-covered altar of Cheibriados.
   435 | D        | Became a worshipper of Trog the Wrathful
   436 | D        | Found a shadowy altar of Dithmenos.
   437 | D        | Found a stormy altar of Qazlal.
   438 | D        | Found an opulent altar of Gozag.
   439 | D        | Found a sacrificial altar of Ru.
   440 | D        | Found an oddly glowing altar of Pakellas.
   487 | D        | Noticed an ogre
   487 | D        | Noticed a giant frog
   487 | D        | Noticed a hippogriff
   489 | D        | Killed an ogre
   489 | D        | Reached skill level 5 in Maces & Flails
   489 | D        | Reached XP level 4. HP: 33/33 MP: 4/4
   489 | D        | Reached XP level 5. HP: 38/38 MP: 5/5
   493 | D        | Reached * piety under Trog
   493 | D        | Reached skill level 6 in Maces & Flails
   497 | D        | Reached skill level 7 in Maces & Flails
   498 | D        | Killed a hippogriff
   498 | D        | Reached ** piety under Trog
   498 | D        | Reached skill level 9 in Maces & Flails
   498 | D        | Reached XP level 6. HP: 29/44 MP: 6/6
   500 | D        | Reached skill level 10 in Maces & Flails
   514 | D        | Noticed a hill giant
   514 | D        | Noticed an eye of draining
   514 | D        | Noticed a vampire
   518 | D        | Killed a hill giant
   518 | D        | Reached skill level 12 in Maces & Flails
   518 | D        | Reached XP level 7. HP: 24/50 MP: 2/7
   518 | D        | Reached XP level 8. HP: 26/56 MP: 2/8
   520 | D        | Reached skill level 13 in Maces & Flails
   521 | D        | Reached *** piety under Trog
   522 | D        | Received a gift from Trog
   523 | D        | HP: 1/56 [killer bee (2)]
   529 | D        | Killed a vampire
   801 | D        | Noticed a komodo dragon
   801 | D        | Noticed a black mamba
   801 | D        | Noticed a spiny frog
   804 | D        | Killed a komodo dragon
   804 | D        | Reached **** piety under Trog
   804 | D        | Reached skill level 14 in Maces & Flails
   804 | D        | Slain by a black mamba

Skill      XL: |  1  2  3  4  5  6  7  8 |
---------------+-------------------------+-----
Axes           | 4 6 |  6.0
Maces & Flails | 5 9 12 14 | 14.5
Fighting       | |  2.1
Throwing       | |  2.0
Dodging        | |  4.0

Action                   |  1- 3 |  4- 6 |  7- 9 || total
-------------------------+-------+-------+-------++-------
Melee: War axe           |    46 |       |       ||    46
       Maul              |     2 |    13 |    10 ||    25
Invok: Trog's Hand       |       |     1 |     1 ||     2
       Berserk           |       |     1 |       ||     1
  Use: Potion            |     2 |       |     3 ||     5
  Eat: Chunk             |       |       |     1 ||     1
Armor: Leather armour    |    11 |       |       ||    11
       Ring mail         |       |    16 |    13 ||    29
Dodge: Dodged            |    43 |    22 |    12 ||    77
